 Dungeon Crawl Stone Soup version 0.32-a0-295-g33d090a (webtiles) character file.

Game seed: 3794012427116999160

60 skewfiend the Chopper (level 3, -1/29 (33) HPs)
             Began as a Mountain Dwarf Monk on Feb 14, 2024.
             Slain by a gnoll
             ... wielding a +0 spear
              (6 damage)
             ... on level 2 of the Dungeon.
             The game lasted 00:02:35 (937 turns).

skewfiend the Chopper (Mountain Dwarf Monk)          Turns: 937, Time: 00:02:35

HP:   -1/29 (33)    AC:  5    Str: 13    XL:     3   Next: 80%
MP:   3/3           EV: 12    Int: 10    God:
Gold: 50            SH:  0    Dex: 14    Spells: 2/2 levels left

rFire   . . .        a - +0 hand axe
rCold   . . .        d - orb {light}
rNeg    . . .        n - +0 leather armour
rPois   .            f - +0 helmet
rElec   .            (no cloak)
rCorr   .            (no gloves)
SInv    .            l - +0 pair of boots
Will    .....        (no amulet)
Stlth   +            h - ring of wizardry
HPRegen 0.24/turn    (no ring)
MPRegen 0.08/turn

%: wizardry (x1)
@: glowing, heavily drained
A: runic magic, artefact enchanting
a: no special abilities


You were on level 2 of the Dungeon.
You visited 1 branch of the dungeon, and saw 2 of its levels.

You collected 50 gold pieces.

Inventory:

Hand Weapons
 a - a +0 hand axe (weapon)
 o - a +1 mace of protection
Missiles
 e - 6 stones (quivered)
Armour
 b - a +0 robe
 d - an orb of light (worn)
 f - a +0 helmet (worn)
 l - a +0 pair of boots (worn)
 n - a +0 leather armour (worn)
Jewellery
 h - a ring of wizardry (left hand)
Scrolls
 i - a scroll of teleportation {unknown}
Potions
 c - a potion of ambrosia
 g - a potion of attraction {unknown}
 j - a potion of mutation {unknown}
 k - a potion of curing
 m - a potion of lignification {unknown}


   Skills:
 + Level 3.9 Fighting
 * Level 5.3 Axes
 - Level 2.1 Dodging


You had 2 spell levels left.
You didn't know any spells.
Your spell library contained the following spells:

 Spells                   Type           Power      Damage    Failure   Level
 Hailstorm                Conj/Ice       0%         3d5       41%         3
 Summon Ice Beast         Ice/Summ       0%         N/A       41%         3
 Sculpt Simulacrum        Ice/Alch       0%         N/A       100%        6


Dungeon Overview and Level Annotations

Branches:
Dungeon (2/15)

Altars:


Innate Abilities, Weirdness & Mutations

Your spellcasting is much less encumbered by armour.
You can use scrolls of enchantment on lesser artefacts.


Message History

The quokka is almost dead.
The quokka misses you. The quokka bites you.
You hit the quokka.
You kill the quokka!
Things that are here:
a +0 club; a ribbon worm corpse; a gnoll corpse
Found an escape hatch in the ceiling.
You pick up a book of the Tundra and begin reading...
You add the spells Hailstorm, Summon Ice Beast and Sculpt Simulacrum to your library.
A gnoll comes into view. It is wielding a +0 spear.
Found a glowing white potion.
The gnoll shouts!
A gnoll comes into view. It is wielding a +2 whip of draining.
The gnoll shouts!
A gnoll comes into view. It is wielding a +0 spear.
The gnoll completely misses you. The gnoll hits you with a +0 spear.
You hit the gnoll but do no damage. You hit the gnoll.
The gnoll hits you with a +0 spear!
The gnoll hits you with a +2 whip of draining.
You feel drained.
You hit the gnoll but do no damage.
The gnoll is lightly wounded.
You hit the gnoll. The gnoll hits you with a +0 spear.
The gnoll hits you with a +2 whip of draining.
You feel drained.
You are too injured to fight recklessly!
You are too injured to fight recklessly!
Unknown command.
Sorry, you're not good enough to have a special ability.
It was a potion of curing.
You feel better. The gnoll hits you with a +0 spear.
The gnoll hits you with a +2 whip of draining!
* * * LOW HITPOINT WARNING * * *
You feel drained.
* * * LOW HITPOINT WARNING * * *
You hit the gnoll but do no damage.
The gnoll is lightly wounded.
You hit the gnoll. The gnoll barely misses you.
The gnoll hits you with a +0 spear.
You die...

#...... #..... .# #.... .. .
#.#!###.. .#..#........
#...#..#.g.....#
#...#..#gg.....#
#####...#..#@.....<#
..................'
##..#...#..#.......#
#>..###.####.......#
#.#.#..............#
#.#.#.#............#
#.....###..........#
#####.#....##...........
......#.#..##....#.#..........


You could see 3 gnolls.

Vanquished Creatures
  A gnoll (D:2)
  A ribbon worm (D:2)
  A bat (D:1)
  An endoplasm (D:1)
  2 giant cockroaches (D:1)
  3 goblins
  4 hobgoblins
  2 kobolds (D:1)
  A quokka (D:2)
  3 ball pythons (D:1)
  2 frilled lizards (D:1)
  6 rats (D:1)
27 creatures vanquished.

Notes
Turn   | Place    | Note
-------+----------+-------------------------------------------
     0 | D:1      | skewfiend the Mountain Dwarf Monk began the quest for the
                  | Orb.
     0 | D:1      | Reached XP level 1. HP: 19/19 MP: 1/1
    41 | D:1      | Reached skill level 4 in Axes
    53 | D:1      | Reached XP level 2. HP: 26/26 MP: 2/2
   444 | D:1      | Reached XP level 3. HP: 28/33 MP: 3/3
   733 | D:2      | Reached skill level 5 in Axes
   937 | D:2      | Slain by a gnoll

Illustrated notes

Levels and vault maps discovered:
D:1:      evilmike_arrival_plus, layout_loops_cross, minmay_tetromino_s2
D:2:      layout_basic

Skill      XL: |  1  2  3 |
---------------+----------+-----
Axes           | 4 5 |  5.3
Fighting       | |  3.9
Dodging        | |  2.1

Action                     || total
---------------------------++-------
  Melee: Hand axe          ||    72
  Throw: Stone             ||     1
    Use: Potion            ||     1
 Armour: Robe              ||    22
         Leather armour    ||    22
         Skin              ||     1
  Dodge: Dodged            ||    43

Table legend: (Time is in decaauts)
 A = Elapsed time spent in this place.
 B = Non-inter-level travel time spent in this place.
 C = Inter-level travel time spent in this place.
 D = Time resting spent in this place.
 E = Time spent auto-exploring this place.
 F = Levels seen in this place.
 G = Mean time per level.
                   A        B        C        D        E       F      G
               +--------+--------+--------+--------+--------+-----+--------+
         Total |    941 |    930 |     11 |      0 |    696 |   2 |  470.5 |
       Dungeon |    941 |    930 |     11 |      0 |    696 |   2 |  470.5 |
               +--------+--------+--------+--------+--------+-----+--------+

Top non-repeatable levels by time:
     D:1: 675 daAuts
     D:2: 266 daAuts
